 Dungeon Crawl Stone Soup version 0.17-a0-2069-g0f4ee5b (webtiles) character file.

370 Shim the Charmwright (level 6, -1/40 HPs)
             Began as a High Elf Skald on Oct 13, 2015.
             Was an Initiate of Okawaru.
             Killed by divine providence
             ... invoked by an orc priest
              (12 damage)
             ... on level 4 of the Dungeon.
             The game lasted 00:20:14 (4526 turns).

Shim the Charmwright (High Elf Skald)               Turns: 4526, Time: 00:20:14

Health: -1/40      AC:  3    Str: 11    XL:     6   Next: 42%
Magic:  7/11       EV: 13    Int: 16    God:    Okawaru [......]
Gold:   125        SH:  0    Dex: 17    Spells: 4 memorised, 3 levels left

rFire  . . .     SeeInvis .     a - +0 falchion
rCold  . . .     Clarity  .     b - +0 leather armour
rNeg   . . .     SustAt   .     (no shield)
rPois  .         Gourm    .     (no helmet)
rElec  .         Spirit   .     (no cloak)
rCorr  .         Warding  .     (no gloves)
rMut   .         Stasis   .     (no boots)
MR     .....                    (no amulet)
Stlth  ++........               (no ring)
                                (no ring)

@: singing, very slightly contaminated, not resistant to hostile enchantments,
unstealthy
A: no striking features
a: Renounce Religion, Stop Singing


You were on level 4 of the Dungeon.
You worshipped Okawaru.
Okawaru was noncommittal.
You were very hungry.

You visited 1 branch of the dungeon, and saw 4 of its levels.

You collected 125 gold pieces.

Inventory:

Hand Weapons
 a - a +0 falchion (weapon)
 j - a +0 blowgun
Missiles
 e - 109 stones (quivered)
 u - 7 poisoned needles
 v - 6 needles of confusion
 x - 4 needles of sleeping
 y - 9 arrows of frost
Armour
 b - a +0 leather armour (worn)
Scrolls
 f - 2 scrolls of amnesia {unknown}
 g - 2 scrolls of random uselessness {unknown}
 h - 2 scrolls of enchant weapon {unknown}
 n - 3 scrolls of identify {unknown}
 q - a scroll of remove curse {unknown}
 s - a scroll of magic mapping {unknown}
 t - a scroll of teleportation {unknown}
 A - a scroll of fear {unknown}
Potions
 i - a potion of invisibility {unknown}
 o - a potion of heal wounds {unknown}
 r - 2 potions of resistance {unknown}
 z - a potion of curing {unknown}
Books
 c - a book of Battle

   Spells                             Type                      Level
   a - Infusion                       Charms                       1
   b - Shroud of Golubria             Charms/Translocation         2
   c - Song of Slaying                Charms                       2
   d - Spectral Weapon                Hexes/Charms                 3
   e - Regeneration                   Charms/Necromancy            3
Comestibles
 d - 3 bread rations
 k - 2 beef jerkies
 l - a royal jelly
 p - a meat ration


   Skills:
 + Level 2.3 Fighting
 + Level 3.4 Long Blades
 + Level 2.4 Throwing
 + Level 2.0 Armour
 + Level 2.6 Dodging
 * Level 2.9 Stealth
 + Level 3.2 Spellcasting
 + Level 4.6 Charms
 + Level 1.2 Translocations


You had 3 spell levels left.
You knew the following spells:

 Your Spells              Type           Power        Failure   Level  Hunger
a - Infusion              Chrm           ###...       4%          1    None
b - Regeneration          Chrm/Necr      ##........   30%         3    ###....
c - Shroud of Golubria    Chrm/Tloc      ##........   12%         2    ##.....
d - Song of Slaying       Chrm           ###.....     8%          2    ##.....


Dungeon Overview and Level Annotations

Branches:
Dungeon (4/15)
 Temple: D:4-7

Altars:
Dithmenos
Elyvilon
Fedhas
Okawaru
Sif Muna
Yredelemnul

Annotations:
D:4 Natasha


Message History

The orc priest is severely wounded.
The orc priest hits you with a club.
Your shroud falls apart!
You hit the orc priest.
The orc priest is almost dead.
The orc priest barely misses you.
You barely miss the orc priest.
The orc priest is almost dead.
The orc priest mumbles some strange prayers to Beogh against you.
Something smites you!
* * * LOW HITPOINT WARNING * * *
An orc priest comes into view. It is wielding a flail.
You hit the orc priest.
You kill the orc priest!
Okawaru accepts your kill.
Your Armour skill increases to level 2!
Your Translocations skill increases to level 1!
The orc priest calls down the wrath of Beogh upon you.
Something smites you!
You die...

#..#### .. #....#
...# ####)# .# #
#.# . #.# ## ##
#.## .# #..# .#
##.#########.#
#.).@S)(o<#.#####
#########().....#
#....(...#
#...(....(.
#..........
#.......(.g
#......(...
#.<.....J..
##........#


You could see an orc priest and an adder.

Vanquished Creatures
  A crimson imp (D:3)
  A hound (D:3)
  Ijyb (D:3)
  An orc priest (D:4)
  A worker ant (D:4)
  Terence (D:3)
  Natasha (twice) (D:2)
  3 gnolls (D:4)
  6 adders
  An ooze (D:4)
  A worm (D:2)
  A giant gecko (D:2)
  3 orcs
  5 ball pythons
  11 bats
  A giant cockroach (D:1)
  6 goblins
  6 hobgoblins
  3 quokkas
  5 giant newts
  A jackal skeleton (D:3)
  8 kobolds
  8 rats
  A plant (D:1)
78 creatures vanquished.

Notes
Turn   | Place    | Note
--------------------------------------------------------------
     0 | D:1      | Shim the High Elf Skald began the quest for the Orb.
     0 | D:1      | Reached XP level 1. HP: 14/14 MP: 4/4
   240 | D:1      | Reached skill level 4 in Charms
   240 | D:1      | Reached XP level 2. HP: 14/19 MP: 6/6
   981 | D:1      | Reached skill level 1 in Armour
  1551 | D:2      | Noticed Natasha
  1557 | D:1      | Reached XP level 3. HP: 24/24 MP: 8/8
  1562 | D:1      | Learned a level 3 spell: Regeneration
  1565 | D:1      | Learned a level 2 spell: Shroud of Golubria
  1573 | D:2      | Killed Natasha
  1619 | D:2      | Noticed Natasha
  1646 | D:2      | Killed Natasha
  1725 | D:2      | Reached skill level 1 in Stealth
  1725 | D:2      | Reached XP level 4. HP: 27/29 MP: 2/9
  1735 | D:2      | Learned a level 2 spell: Song of Slaying
  1763 | D:2      | Found a shadowy altar of Dithmenos.
  1764 | D:2      | Found a white marble altar of Elyvilon.
  1764 | D:2      | Found a basalt altar of Yredelemnul.
  1768 | D:2      | Found a deep blue altar of Sif Muna.
  1768 | D:2      | Found a blossoming altar of Fedhas.
  1798 | D:2      | Reached skill level 1 in Throwing
  2358 | D:2      | HP: 1/29 [worm (8)]
  3223 | D:3      | Reached XP level 5. HP: 32/34 MP: 2/10
  3606 | D:3      | Noticed Ijyb
  3629 | D:3      | Killed Ijyb
  3680 | D:3      | Noticed Terence
  3694 | D:3      | Killed Terence
  3847 | D:3      | Reached XP level 6. HP: 29/39 MP: 7/11
  4003 | D:3      | Found an iron altar of Okawaru.
  4006 | D:3      | Became a worshipper of Warmaster Okawaru
  4343 | D:4      | Noticed Natasha
  4525 | D:4      | Reached skill level 1 in Translocations
  4526 | D:4      | Killed from afar by an orc priest

Vault maps used:
D:1:      scummos_arrival_simple_fountains, st_stairs_7,
          minmay_shallow_snake_nest
D:2:      grunt_temple_overflow_open, first_bread, uniq_natasha
D:3:      lemuel_doored_altar, uniq_iyjb, uniq_terence
D:4:      hex_medium

Action                   |  1- 3 |  4- 6 || total
-------------------------+-------+-------++-------
Melee: Falchion          |   129 |   133 ||   262
 Fire: Blowgun           |       |    34 ||    34
Throw: Stone             |    24 |     2 ||    26
       Javelin           |    16 |    33 ||    49
 Cast: Infusion          |     4 |     9 ||    13
       Shroud of Golubri |     2 |    16 ||    18
       Song of Slaying   |       |     3 ||     3
 Stab: Sleeping          |       |    10 ||    10
       Confused          |       |     2 ||     2
  Eat: Chunk             |     3 |     9 ||    12
